 Dungeon Crawl Stone Soup version 0.22.0-5-gf09313c (webtiles) character file.

7103 Gorglomux the Slicer (level 11, -15/62 HPs)
             Began as a Vine Stalker Gladiator on Aug 13, 2018.
             Was a Follower of Uskayaw.
             Killed from afar by a molten gargoyle (24 damage)
             ... with a bolt of magma
             ... on level 10 of the Dungeon.
             The game lasted 00:05:45 (9561 turns).

Gorglomux the Slicer (Vine Stalker Gladiator)       Turns: 9561, Time: 00:05:46

Health: -15/62     AC: 12    Str: 31      XL:     11   Next: 10%
Magic:  0/4        EV: 12    Int: 10 (11) God:    Uskayaw [*.....]
Gold:   574        SH:  0    Dex: 15      Spells: 10/10 levels left

rFire    . . .     SeeInvis .   z - +4 rapier "Fuev" {antimagic, +Rage rN+ Str+2 Int+3}
rCold    . . .     Gourm    .   (no shield)
rNeg     + . .     Faith    .   K - +0 scale mail
rPois    .         Spirit   +   c - +0 helmet
rElec    .         Reflect  .   (no cloak)
rCorr    .         Harm     .   L - +2 pair of gloves
MR       ++...                  (no boots)
Stlth    ..........             (no amulet)
HPRegen  0.60/turn              B - +3 ring of strength
MPRegen  0.09/turn              m - ring of protection from magic

@: mighty
A: fangs 3, regeneration 1, magic shield, antimagic bite, no potion heal 3, rot
immunity
a: Stomp, Renounce Religion, Evoke Berserk Rage


You were on level 10 of the Dungeon.
You worshipped Uskayaw.
Uskayaw was noncommittal.
You were not hungry.

You visited 2 branches of the dungeon, and saw 11 of its levels.

You collected 574 gold pieces.

Inventory:

Hand Weapons
 a - a +0 rapier
 z - the +4 rapier "Fuev" (weapon) {antimagic, +Rage rN+ Str+2 Int+3}
   (You found it on level 6 of the Dungeon)

   It reduces the magical energy of the wielder, and disrupts the spells and
   magical abilities of those hit.
   Natural abilities and divine invocations are not affected.
   It affects your strength (+2).
   It affects your intelligence (+3).
   It protects you from negative energy.
   It lets you go berserk.
 M - a +1 dagger of electrocution
Missiles
 Z - 2 throwing nets (quivered)
Armour
 c - a +0 helmet (worn)
 K - a +0 scale mail (worn)
 L - a +2 pair of gloves (worn)
Jewellery
 g - an uncursed ring of resist corrosion
 m - a ring of protection from magic (right hand)
 B - a +3 ring of strength (left hand)
Wands
 A - a wand of acid (10)
Scrolls
 t - a scroll of holy word {unknown}
 v - 7 scrolls of teleportation {unknown}
 y - a scroll of immolation {unknown}
 C - 4 scrolls of fear {unknown}
 D - a scroll of random uselessness {unknown}
 G - 3 scrolls of enchant weapon {unknown}
 H - a scroll of fog {unknown}
 I - 7 scrolls of identify {unknown}
 N - 3 scrolls of amnesia {unknown}
 O - 8 scrolls of remove curse {unknown}
 P - 2 scrolls of magic mapping {unknown}
 S - a scroll of enchant armour {unknown}
 W - 3 scrolls of blinking {unknown}
Potions
 o - 3 potions of agility
 q - a potion of flight {unknown}
 x - a potion of degeneration
 E - a potion of brilliance {unknown}
 F - a potion of lignification {unknown}
 J - a potion of berserk rage {unknown}
 Q - a potion of curing
 R - 2 potions of magic
 T - 2 potions of heal wounds {unknown}
 U - 3 potions of haste {unknown}
 V - 2 potions of mutation {unknown}
 Y - 3 potions of cancellation {unknown}
Miscellaneous
 X - a phial of floods
Comestibles
 f - 16 rations
 w - 10 chunks of flesh


   Skills:
 + Level 9.0 Fighting
 + Level 9.2 Short Blades
 - Level 1.7 Throwing
 + Level 8.0 Armour
 - Level 2.4 Dodging
 + Level 2.4 Invocations


You had 10 spell levels left.
You didn't know any spells.
Your spell library contained the following spells:

 Spells                   Type           Power        Failure   Level  Hunger
 Cause Fear               Hex            #.........   100%        4    #####..
 Lightning Bolt           Conj/Air       #.........   100%        5    ######.
 Slow                     Hex            #.......     71%         2    ###....
 Confuse                  Hex            #.......     91%         3    ####...
 Tukima's Dance           Hex            #.......     91%         3    ####...
 Shock                    Conj/Air       #...         56%         1    ##.....
 Swiftness                Chrm/Air       #.......     71%         2    ###....
 Airstrike                Air            #.........   100%        4    #####..
 Ensorcelled Hibernation  Hex/Ice        #.....       71%         2    ###....
 Static Discharge         Conj/Air       #.......     91%         3    ####...
 Corona                   Hex            #......      56%         1    ##.....
 Portal Projectile        Hex/Tloc       #.....       91%         3    ####...
 Leda's Liquefaction      Hex/Erth       #.........   100%        4    #####..
 Inner Flame              Hex/Fire       #.......     91%         3    ####...
 Dazzling Spray           Conj/Hex       #.....       91%         3    ####...


Dungeon Overview and Level Annotations

Branches:
Dungeon (10/15)            Temple (1/1) D:7
   Lair: D:8-11         Orc: D:9-12

Altars:
Ashenzari
Cheibriados
Dithmenos
Elyvilon
Fedhas
Gozag
Hepliaklqana
Kikubaaqudgha
Makhleb
Nemelex Xobeh
Okawaru
Qazlal
Ru
Sif Muna
Trog
Uskayaw
Vehumet
Wu Jian
Xom
Yredelemnul
Zin
The Shining One

Shops:
D:6 [

Annotations:
D:4 1 runed door, MTVSty1e's ghost, amateur GrMo


Innate Abilities, Weirdness & Mutations

You have razor-sharp teeth.
Your natural rate of healing is unusually fast.
When hurt, damage is shared between your health and your magic reserves.
Your bite disrupts and absorbs the magic of your enemies.
Potions cannot restore your health.
You are immune to rotting.


Message History

The bolt of magma butts butt!!!
Butt barely miss the molten gargoyle!
You bite the molten gargoyle! You drain its power!
You feel invigorated!
The molten gargoyle is lightly damaged!
The molten gargoyle hits butt with a mace!
You are engulfed in flames!!!
You barely miss the molten gargoyle! Your bite misses the molten gargoyle!
The molten gargoyle is lightly damaged!
The molten gargoyle blasts magma at you!!!
The bolt of magma hits you!!! * * * don't die
* * * You are too injured to fight recklessly!!!
Okay, then!
Okay, then!
You stick the molten gargoyle like a pincushion!!!
You bite the molten gargoyle, but do no damage!
The molten gargoyle is severely damaged!
The molten gargoyle blasts magma at you!!!
The bolt of magma hits you!!! rip

#### #.#.# ### #.#.#.
#..#.....≈ #.#.$≈≈≈9§
#..#.≈≈≈≈≈
#########.#.S≈≈88≈
#.....99...#
#.####@####.≈≈≈§§ ######
#.####.###.#§≈§§§
.....######.##......#..§≈.§
.#.#.#>..............# #.#§
.......####.##.#.####.# .#
.#.#.....##.##.#.#### # #
......................
.#.#.....##.##.#......
.........##.##.#.).#..


You could see 2 molten gargoyles and a lava snake.

Vanquished Creatures
  Maurice (D:8)
  Joseph (D:7)
  A kobold demonologist (D:8)
  A freezing wraith (D:10)
  A hornet (D:8)
  A hippogriff (D:9)
  A shadow (D:10)
  Eustachio (D:6)
  2 hungry ghosts
  An ice beast (D:9)
  2 orc warriors
  2 black bears
  4 sky beasts
  9 ogres
  A phantom (D:9)
  4 centaurs
  12 big kobolds
  6 bullfrogs
  A gnoll sergeant (D:10)
  A scorpion (D:8)
  3 wights (D:9)
  6 howler monkeys
  4 crimson imps
  6 hounds
  A centaur skeleton (D:8)
  A gnoll shaman (D:5)
  7 orc priests
  5 bullfrog skeletons
  An iguana (D:4)
  2 orc wizards
  6 worker ants
  A hound skeleton (D:4)
  A howler monkey zombie (D:5)
  A worker ant zombie (D:6)
  7 adders
  10 gnolls
  3 shadow imps
  3 oozes
  An adder skeleton (D:4)
  3 worms
  2 dart slugs
  7 leopard geckos
  41 orcs
  3 giant cockroaches
  9 goblins
  13 hobgoblins
  10 jackals
  10 quokkas
  9 bats
  5 frilled lizards
  A giant cockroach zombie (D:6)
  25 kobolds
  A leopard gecko skeleton (D:7)
  A leopard gecko zombie (D:8)
  10 rats
272 creatures vanquished.

Notes
Turn   | Place    | Note
-------+----------+-------------------------------------------
     0 | D:1      | Gorglomux the Vine Stalker Gladiator began the quest for the Orb.
     0 | D:1      | Reached XP level 1. HP: 11/11 MP: 2/2
   204 | D:1      | Reached XP level 2. HP: 12/15 MP: 3/3
   287 | D:1      | Reached skill level 3 in Short Blades
   543 | D:1      | Reached skill level 1 in Armour
   585 | D:1      | Reached XP level 3. HP: 16/18 MP: 2/4
  1405 | D:2      | Gained mutation: Your natural rate of healing is unusually fast. [Vine Stalker growth]
  1405 | D:2      | Reached XP level 4. HP: 18/23 MP: 3/5
  1427 | D:2      | Found a shadowy altar of Dithmenos.
  1965 | D:2      | Reached XP level 5. HP: 28/28 MP: 6/6
  2248 | D:3      | Reached skill level 3 in Fighting
  3064 | D:3      | Reached XP level 6. HP: 25/32 MP: 7/7
  3723 | D:4      | Reached skill level 3 in Armour
  3727 | D:4      | Reached XP level 7. HP: 28/37 MP: 5/8
  3817 | D:4      | Found a runed door.
  4159 | D:4      | Found a glowing silver altar of Zin.
  4430 | D:4      | Noticed MTVSty1e's ghost (amateur GrMo)
  4437 | D:5      | Entered Level 5 of the Dungeon
  5048 | D:5      | Found an opulent altar of Gozag.
  5135 | D:5      | Gained mutation: You have razor-sharp teeth. [Vine Stalker growth]
  5135 | D:5      | Reached XP level 8. HP: 34/42 MP: 9/9
  5395 | D:6      | Got an ancient rapier
  5396 | D:6      | Identified the +4 rapier "Fuev" {antimagic, +Rage rN+ Str+2 Int+3} (You found it on level 6 of the Dungeon)
  5447 | D:6      | Noticed Eustachio
  5467 | D:6      | Killed Eustachio
  5467 | D:6      | Reached skill level 6 in Short Blades
  5714 | D:6      | Reached skill level 6 in Fighting
  5794 | D:6      | Reached XP level 9. HP: 48/48 MP: 3/10
  6212 | D:6      | Found Xopinem's Armour Shop.
  6354 | D:7      | Found a staircase to the Ecumenical Temple.
  6420 | Temple   | Entered the Ecumenical Temple
  6543 | Temple   | Became a worshipper of Uskayaw the Reveler
  6640 | D:7      | Reached * piety under Uskayaw
  6642 | D:7      | Reached ** piety under Uskayaw
  6779 | D:7      | Reached *** piety under Uskayaw
  6780 | D:7      | Reached skill level 6 in Armour
  6783 | D:7      | Reached **** piety under Uskayaw
  6826 | D:7      | Found a bloodstained altar of Trog.
  6887 | D:7      | Noticed Joseph
  6901 | D:7      | Killed Joseph
  7472 | D:8      | Found an ornate altar of the Wu Jian Council.
  7594 | D:8      | Reached XP level 10. HP: 55/55 MP: 3/11
  7723 | D:8      | Noticed a kobold demonologist
  7731 | D:8      | Reached ***** piety under Uskayaw
  7737 | D:8      | Killed a kobold demonologist
  7742 | D:8      | Reached ****** piety under Uskayaw
  7826 | D:8      | Paralysed by a hornet for 1 turns
  8036 | D:8      | Noticed Maurice
  8047 | D:8      | Killed Maurice
  8593 | D:9      | Found an ancient bone altar of Kikubaaqudgha.
  8730 | D:9      | Found a white marble altar of Elyvilon.
  8737 | D:9      | Found an iron altar of Okawaru.
  8741 | D:9      | Found a radiant altar of Vehumet.
  8742 | D:9      | Found a hazy altar of Hepliaklqana.
  8743 | D:9      | Found a snail-covered altar of Cheibriados.
  8744 | D:9      | Found a shattered altar of Ashenzari.
  8745 | D:9      | Found a stormy altar of Qazlal.
  8799 | D:9      | Reached skill level 9 in Short Blades
  8812 | D:9      | Reached skill level 1 in Invocations
  9298 | D:10     | Entered Level 10 of the Dungeon
  9383 | D:10     | Reached XP level 11. HP: 55/60 MP: 4/13
  9441 | D:10     | Reached skill level 9 in Fighting
  9561 | D:10     | Killed from afar by a molten gargoyle

Skill      XL: |  1  2  3  4  5  6  7  8  9 10 11 |
---------------+----------------------------------+-----
Fighting       | 2 3 4 6 7 8 9 |  9.0
Short Blades   | 3 4 5 6 7 9 |  9.2
Armour         | 1 2 3 4 5 6 7 8 |  8.0
Invocations    | 1 2 |  2.4
Throwing       | |  1.7
Dodging        | |  2.4

Action                   |  1- 3 |  4- 6 |  7- 9 | 10-12 || total
-------------------------+-------+-------+-------+-------++-------
Melee: Rapier            |    90 |   137 |   191 |   220 ||   638
       Bite              |    21 |    55 |   107 |    76 ||   259
       Dagger            |       |    48 |   114 |       ||   162
Throw: Throwing net      |       |       |       |     2 ||     2
 Abil: Evoke Berserk Rag |       |       |     1 |       ||     1
  Use: Potion            |       |       |       |     5 ||     5
 Stab: Sleeping          |     2 |     1 |       |       ||     3
       Paralysed         |       |       |     4 |     8 ||    12
       Held in net/web   |       |       |       |     1 ||     1
  Eat: Chunk             |     1 |     8 |    15 |     8 ||    32
Armor: Leather armour    |    17 |    50 |       |       ||    67
       Scale mail        |       |     4 |   121 |    83 ||   208
Dodge: Dodged            |    51 |   129 |   158 |   109 ||   447
